BSA
POCATELLO BELLAS @ ST. LOUIS BROWNS
08/10/2030
 
TOP OF THE 1ST
Pocatello Bellas batting - Pitching for St. Louis Browns : RHP Scott Walker
Pitching: RHP Scott Walker
Batting: RHB Buck Jones 0-0: Ball
1-0: Ground out 6-3 (Groundball, 6)
Batting: LHB Keith Beard 0-0: Ball
1-0: DOUBLE (Line Drive, 9LD)
Batting: SHB Shane Hutchinson 0-0: Called Strike
0-1: Ball
1-1: Fly out, F4 (Line Drive, 4M)
Batting: LHB Roberto García 0-0: Ball
1-0: Ball
2-0: Foul Ball, location: 2F
2-1: Ball
3-1: Ground out 4-3 (Groundball, 34)
Top of the 1st over - 0 runs, 1 hit, 0 errors, 1 left on base; Pocatello 0 - St. Louis 0
BOTTOM OF THE 1ST
St. Louis Browns batting - Pitching for Pocatello Bellas : RHP Nelson Ortega
Pitching: RHP Nelson Ortega
Batting: LHB Miguel Medellín 0-0: Called Strike
0-1: Swinging Strike
0-2: Foul Ball, location: 2F
0-2: Foul Ball, location: 2F
0-2: SINGLE (Groundball, 4MD)
Batting: LHB Robin Hill 0-0: Ball
1-0: Ball
2-0: Foul Ball, location: 2F
2-1: Fly out, F5 (Popup, 5)
Batting: RHB José Flores 0-0: Foul Ball, location: 2F
0-1: Foul Ball, location: 2F
0-2: Foul Ball, location: 2F
0-2: Ball
1-2: Strikes out swinging
Batting: LHB Norberto Muńóz 0-0: Called Strike
0-1: Called Strike
0-2: Ball
Miguel Medellín steals 2nd base
1-2: Strikes out swinging, 2-3 out at first.
Bottom of the 1st over - 0 runs, 1 hit, 0 errors, 1 left on base; Pocatello 0 - St. Louis 0
TOP OF THE 2ND
Pocatello Bellas batting - Pitching for St. Louis Browns : RHP Scott Walker
Batting: RHB Lonnie Anderson 0-0: Fly out, F7 (Flyball, 7S)
Batting: SHB Juan Castro 0-0: Ball
1-0: Fly out, F7 (Flyball, 7LM)
Batting: RHB Juan Rodríguez 0-0: Ground out 6-3 (Groundball, 6)
Top of the 2nd over - 0 runs, 0 hits, 0 errors, 0 left on base; Pocatello 0 - St. Louis 0
BOTTOM OF THE 2ND
St. Louis Browns batting - Pitching for Pocatello Bellas : RHP Nelson Ortega
Batting: RHB Pepe Carrasco 0-0: Called Strike
0-1: Foul Ball, location: 2F
0-2: Ball
1-2: SINGLE (Flyball, 7LS)
Batting: LHB Junior Coates 0-0: SINGLE (Groundball, 4MD)
Pepe Carrasco to second
Batting: RHB Jeff Jones 0-0: Ball
1-0: Ball
2-0: Called Strike
2-1: Ball
3-1: Called Strike
3-2: SINGLE (Line Drive, 7S)
Pepe Carrasco to third
Junior Coates to second
Batting: LHB Dave Watson 0-0: Fly out, F8 (Flyball, 8LS)
Runner from 3rd tags up, SCORES, no throw
Now in CF: Ryan Drake
Batting: SHB Tim Reid 0-0: SINGLE (Groundball, 4MD)
Junior Coates to third
Jeff Jones to second
Runner from 3rd tries for Home, SAFE, no throw
Batting: LHB Miguel Medellín 0-0: Ball
1-0: Called Strike
1-1: Ball
2-1: Foul Ball, location: 2F
2-2: Foul Ball, location: 2F
2-2: Grounds into double play, 4-6-3 (Groundball, 4)
Bottom of the 2nd over - 2 runs, 4 hits, 0 errors, 1 left on base; Pocatello 0 - St. Louis 2
TOP OF THE 3RD
Pocatello Bellas batting - Pitching for St. Louis Browns : RHP Scott Walker
Batting: RHB Júlio Figueroa 0-0: Foul Ball, location: 2F
0-1: Ball
1-1: Ball
2-1: Ground out 6-3 (Groundball, 6M)
Batting: RHB Javier Deleón 0-0: Called Strike
0-1: Ball
1-1: Called Strike
1-2: Foul Ball, location: 2F
1-2: Strikes out swinging
Batting: RHB Buck Jones 0-0: Called Strike
0-1: Ground out U3 (Groundball, 3S)
Top of the 3rd over - 0 runs, 0 hits, 0 errors, 0 left on base; Pocatello 0 - St. Louis 2
BOTTOM OF THE 3RD
St. Louis Browns batting - Pitching for Pocatello Bellas : RHP Nelson Ortega
Batting: LHB Robin Hill 0-0: Ground out 6-3 (Groundball, 6M)
Batting: RHB José Flores 0-0: Ball
1-0: Foul Ball, location: 2F
1-1: Ball
2-1: Ball
3-1: Fly out, F9 (Flyball, 9)
Batting: LHB Norberto Muńóz 0-0: Called Strike
0-1: Called Strike
0-2: SINGLE (Line Drive, 8RS)
Batting: RHB Pepe Carrasco 0-0: Ball
1-0: Ball
Throwing error on steal attempt, E2
Norberto Muńóz to third
2-0: Foul Ball, location: 2F
2-1: Foul Ball, location: 2F
2-2: Ground out 5-3 (Groundball, 56S)
Bottom of the 3rd over - 0 runs, 1 hit, 1 error, 1 left on base; Pocatello 0 - St. Louis 2
TOP OF THE 4TH
Pocatello Bellas batting - Pitching for St. Louis Browns : RHP Scott Walker
Batting: LHB Ryan Drake 0-0: Swinging Strike
0-1: Foul Ball, location: 2F
0-2: Strikes out swinging
Batting: SHB Shane Hutchinson 0-0: Called Strike
0-1: Ball
1-1: Foul Ball, location: 2F
1-2: Ground out U3 (Groundball, 3L)
Batting: LHB Roberto García 0-0: Ball
1-0: Ground out 5-3 (Groundball, 5)
Top of the 4th over - 0 runs, 0 hits, 0 errors, 0 left on base; Pocatello 0 - St. Louis 2
BOTTOM OF THE 4TH
St. Louis Browns batting - Pitching for Pocatello Bellas : RHP Nelson Ortega
Batting: LHB Junior Coates 0-0: Called Strike
0-1: Called Strike
0-2: Strikes out swinging
Batting: RHB Jeff Jones 0-0: Ball
1-0: Swinging Strike
1-1: Swinging Strike
1-2: Foul Ball, location: 2F
1-2: Foul Ball, location: 2F
1-2: Foul Ball, location: 2F
1-2: Foul Ball, location: 2F
1-2: Ball
2-2: Ball
3-2: SINGLE (Flyball, 7S)
Batting: LHB Dave Watson 0-0: Foul Ball, location: 2F
0-1: Ball
1-1: Foul Ball, location: 2F
1-2: Ball
2-2: Foul Ball, location: 2F
2-2: Fly out, F4 (Line Drive, 4MD)
Batting: SHB Tim Reid 0-0: Foul Ball, location: 2F
0-1: Called Strike
0-2: Ball
1-2: Ball
2-2: SINGLE (Line Drive, 4MD)
Jeff Jones to second
Runner from 2nd tries for 3rd, SAFE, no throw
Batting: LHB Miguel Medellín 0-0: Called Strike
0-1: Ball
1-1: Ball
2-1: SINGLE (Line Drive, 6M)
Jeff Jones scores
Tim Reid to second
Batting: LHB Robin Hill 0-0: Foul Ball, location: 2F
0-1: Fly out, F7 (Flyball, 7)
Bottom of the 4th over - 1 run, 3 hits, 0 errors, 2 left on base; Pocatello 0 - St. Louis 3
TOP OF THE 5TH
Pocatello Bellas batting - Pitching for St. Louis Browns : RHP Scott Walker
Batting: RHB Lonnie Anderson 0-0: Ball
1-0: Swinging Strike
1-1: Swinging Strike
1-2: Ball
2-2: Ball
3-2: Strikes out looking
Batting: SHB Juan Castro 0-0: SINGLE (Line Drive, 34D)
Batting: RHB Juan Rodríguez 0-0: Ground out 4-3 (Groundball, 4)
Juan Castro to second
Batting: RHB Júlio Figueroa 0-0: Called Strike
0-1: Swinging Strike
0-2: Strikes out looking
Top of the 5th over - 0 runs, 1 hit, 0 errors, 1 left on base; Pocatello 0 - St. Louis 3
BOTTOM OF THE 5TH
St. Louis Browns batting - Pitching for Pocatello Bellas : RHP Nelson Ortega
Batting: RHB José Flores 0-0: Called Strike
0-1: Ball
1-1: Swinging Strike
1-2: SINGLE (Line Drive, 78M)
Batting: LHB Norberto Muńóz 0-0: Ball
1-0: Ball
2-0: Ball
3-0: Swinging Strike
3-1: Swinging Strike
3-2: Strikes out swinging
Batting: RHB Pepe Carrasco 0-0: Ball
1-0: Ball
2-0: Swinging Strike
2-1: Called Strike
2-2: Fly out, F9 (Flyball, 89D)
Batting: LHB Junior Coates 0-0: Ball
1-0: Ball
2-0: Fly out, F9 (Flyball, 89D)
Bottom of the 5th over - 0 runs, 1 hit, 0 errors, 1 left on base; Pocatello 0 - St. Louis 3
TOP OF THE 6TH
Pocatello Bellas batting - Pitching for St. Louis Browns : RHP Scott Walker
Batting: RHB Javier Deleón 0-0: Fly out, F7 (Flyball, 78M)
Batting: RHB Buck Jones 0-0: Called Strike
0-1: Ball
1-1: Ball
2-1: Called Strike
2-2: SINGLE (Groundball, 4MD)
Batting: LHB Ryan Drake 0-0: Ball
1-0: Fly out, F8 (Flyball, 8RS)
Batting: SHB Shane Hutchinson 0-0: Ball
Buck Jones steals 2nd base
1-0: Ball
2-0: Called Strike
2-1: Ball
3-1: Called Strike
3-2: SINGLE (Groundball, 6) (infield hit)
Buck Jones to third
Batting: LHB Roberto García 0-0: Ball
1-0: Ball
2-0: Ground out 4-3 (Groundball, 4D)
Top of the 6th over - 0 runs, 2 hits, 0 errors, 2 left on base; Pocatello 0 - St. Louis 3
BOTTOM OF THE 6TH
St. Louis Browns batting - Pitching for Pocatello Bellas : RHP Nelson Ortega
Pitching: RHP Bud Baldwin
Batting: RHB Jeff Jones 0-0: Ball
1-0: Ball
2-0: Called Strike
2-1: Ball
3-1: Called Strike
3-2: Fly out, F8 (Flyball, 8LXD)
Batting: LHB Dave Watson 0-0: Foul Ball, location: 2F
0-1: Ball
1-1: Foul Ball, location: 2F
1-2: Ball
2-2: SINGLE (Flyball, 9S) - OUT at second base trying to stretch hit.
Batting: SHB Tim Reid 0-0: Ball
1-0: Ball
2-0: Fly out, F8 (Flyball, 8RXD)
Bottom of the 6th over - 0 runs, 1 hit, 0 errors, 0 left on base; Pocatello 0 - St. Louis 3
TOP OF THE 7TH
Pocatello Bellas batting - Pitching for St. Louis Browns : RHP Scott Walker
Batting: RHB Lonnie Anderson 0-0: Swinging Strike
0-1: Ball
1-1: Called Strike
1-2: Ball
2-2: Fly out, F8 (Flyball, 8RS)
Batting: SHB Juan Castro 0-0: Swinging Strike
0-1: Ground out 4-3 (Groundball, 4)
Batting: RHB Juan Rodríguez 0-0: Called Strike
0-1: Ball
1-1: Ground out 1-3 (Groundball, 15)
Top of the 7th over - 0 runs, 0 hits, 0 errors, 0 left on base; Pocatello 0 - St. Louis 3
BOTTOM OF THE 7TH
St. Louis Browns batting - Pitching for Pocatello Bellas : RHP Bud Baldwin
Batting: LHB Miguel Medellín 0-0: Foul Ball, location: 2F
0-1: Swinging Strike
0-2: Foul Ball, location: 2F
0-2: Ball
1-2: SINGLE (Flyball, 8RS)
Batting: LHB Robin Hill 0-0: Called Strike
0-1: Ball
1-1: Ball
2-1: Bunted foul
2-2: Foul Ball, location: 2F
2-2: Ball
3-2: DOUBLE (Flyball, 8LD)
Miguel Medellín to third
Runner from 3rd tries for Home, SAFE, no throw
Batting: RHB José Flores 0-0: Called Strike
0-1: Swinging Strike
0-2: Foul Ball, location: 2F
0-2: Foul Ball, location: 2F
0-2: Ball
1-2: Ground out 4-3 (Groundball, 34)
Robin Hill to third
Batting: LHB Norberto Muńóz 0-0: Called Strike
0-1: Ball
1-1: Ball
2-1: Ball
3-1: Ground out 6-3 (Groundball, 6)
Batting: RHB Pepe Carrasco 0-0: Ball
1-0: Ball
2-0: Foul Ball, location: 2F
2-1: TRIPLE (Flyball, 8RXD)
Robin Hill scores
Batting: LHB Junior Coates 0-0: Called Strike
0-1: Ball
1-1: Called Strike
1-2: Foul Ball, location: 2F
1-2: Ball
2-2: Ground out 6-3 (Groundball, 56D)
Bottom of the 7th over - 2 runs, 3 hits, 0 errors, 1 left on base; Pocatello 0 - St. Louis 5
TOP OF THE 8TH
Pocatello Bellas batting - Pitching for St. Louis Browns : RHP Scott Walker
Batting: RHB Júlio Figueroa 0-0: Called Strike
0-1: Ball
1-1: SINGLE (Groundball, 6MD)
Batting: RHB Javier Deleón 0-0: Ball
1-0: Called Strike
1-1: Ball
2-1: Swinging Strike
2-2: Ball
3-2: Fielders Choice at 2nd, 1-6 (Groundball, P)
Batting: RHB Buck Jones 0-0: Ball
1-0: Foul Ball, location: 2F
1-1: Ball
2-1: Swinging Strike
2-2: Ball
3-2: Fielders Choice at 2nd, 4-6 (Groundball, 34)
Batting: LHB Ryan Drake 0-0: Called Strike
0-1: Called Strike
0-2: Strikes out swinging
Top of the 8th over - 0 runs, 1 hit, 0 errors, 1 left on base; Pocatello 0 - St. Louis 5
BOTTOM OF THE 8TH
St. Louis Browns batting - Pitching for Pocatello Bellas : RHP Bud Baldwin
Batting: RHB Jeff Jones 0-0: Foul Ball, location: 2F
0-1: Ball
1-1: Ball
2-1: Ball
3-1: Swinging Strike
3-2: Fly out, F7 (Flyball, 7LM)
Batting: LHB Dave Watson 0-0: Called Strike
0-1: Swinging Strike
0-2: Foul Ball, location: 2F
0-2: Ball
1-2: Strikes out looking
Batting: SHB Tim Reid 0-0: Foul Ball, location: 2F
0-1: Ball
1-1: Foul Ball, location: 2F
1-2: Ball
2-2: SINGLE (Line Drive, 6MD)
Batting: LHB Miguel Medellín 0-0: Ball
1-0: Ball
2-0: Ball
3-0: Base on Balls
Tim Reid to second
Pitching: RHP Jeff Lynn
Batting: LHB Robin Hill 0-0: Called Strike
0-1: Ball
1-1: Foul Ball, location: 2F
1-2: Ball
2-2: Foul Ball, location: 2F
2-2: Ball
3-2: Base on Balls
Tim Reid to third
Miguel Medellín to second
Batting: RHB José Flores 0-0: Foul Ball, location: 2F
0-1: Foul Ball, location: 2F
0-2: Foul Ball, location: 2F
0-2: Ball
1-2: Foul Ball, location: 2F
1-2: Foul Ball, location: 2F
1-2: Ball
2-2: Foul Ball, location: 2F
2-2: Ball
3-2: SINGLE (Line Drive, 34D)
Tim Reid scores
Miguel Medellín to third
Robin Hill to second
Miguel Medellín scores
Robin Hill to third
Batting: LHB Norberto Muńóz 0-0: Ball
1-0: Ball
2-0: Called Strike
2-1: SINGLE (Line Drive, 6M)
Robin Hill scores
José Flores to second
Batting: RHB Pepe Carrasco 0-0: Foul Ball, location: 2F
0-1: Fly out, F6 (Popup, 6M)
Bottom of the 8th over - 3 runs, 3 hits, 0 errors, 2 left on base; Pocatello 0 - St. Louis 8
TOP OF THE 9TH
Pocatello Bellas batting - Pitching for St. Louis Browns : RHP Scott Walker
Batting: SHB Shane Hutchinson 0-0: Called Strike
0-1: Fly out, F7 (Flyball, 7D)
Batting: LHB Roberto García 0-0: Foul Ball, location: 2F
0-1: Ball
1-1: DOUBLE (Line Drive, 9LM)
Pinch Runner at 2nd Tom Doherty:
Batting: RHB Lonnie Anderson 0-0: Swinging Strike
0-1: Called Strike
0-2: Ball
1-2: Strikes out swinging
Batting: SHB Juan Castro 0-0: Called Strike
0-1: Ball
1-1: Ground out 5-3 (Groundball, 5S)
Top of the 9th over - 0 runs, 1 hit, 0 errors, 1 left on base; Pocatello 0 - St. Louis 8
Saturday, April 7th, 2018 - OOTP Baseball 18.8 Build 76